Map: Dreamcatcher LE

Players

bigbubbadave - Winner!

  • Race: Protoss Protoss
  • League: Diamond
  • Spawn Location: 11:00

BigCat

  • Race: Zerg Zerg
  • League: Platinum
  • Spawn Location: 5:00

VOD

Have the link to the VOD?

Description

Time

  • Played on: July 21, 2018, 6:16 p.m.
  • Length: 13:14
Show
View Real Time Build Order
Export as new Build Order

bigbubbadave Protoss - Winner!

Build Orders: 1 Gate Expand, Oracle Opening, Phoenix Opening 

Get SALT Encoding   

  12  0:03  Probe  
  13  0:15  Probe  
  14  0:21  Pylon  
  14  0:27  Probe  
  15  0:42  Gateway  
  15  0:43  Probe  
  16  0:50  Assimilator  
  16  0:51  Probe  
  17  1:01  Probe  
  18  1:13  Probe  
  19  1:25  Probe  
  20  1:36  Nexus  
  20  1:41  Cybernetics Core  
  20  1:48  Probe  
  20  1:49  Pylon  
  21  1:58  Assimilator  
  21  2:00  Probe  
  22  2:12  Probe  
  23  2:26  Stargate  
  23  2:27  Probe  
  24  2:34  Gateway  
  24  2:36  Shield Battery  
  23  2:37  Warp Gate  
  23  2:41  Adept  
  25  2:46  Probe  
  25  2:48  Probe  
  26  2:54  Probe  
  26  2:56  Probe  
  27  3:01  Phoenix  
  31  3:17  Probe x2  
  33  3:25  Adept x2  
  36  3:29  Probe x2  
  38  3:39  Oracle  
  38  3:41  Probe x2  
  43  3:52  Pylon  
  43  3:53  Probe  
  44  4:02  Robotics Facility  
  44  4:13  Probe  
  44  4:14  Probe  
  46  4:20  Twilight Council  
  46  4:26  Probe x2  
  48  4:38  Gateway, Probe  
  49  4:40  Pylon  
  49  4:44  Immortal  
  49  4:48  Charge  
  49  4:51  Probe x2  
  52  5:03  Probe x2  
  52  5:06  Pylon  
  54  5:08  Assimilator  
  54  5:09  Assimilator  
  54  5:12  Sentry  
  56  5:15  Probe x2  
  58  5:27  Probe  
  59  5:38  Oracle  
  59  5:46  Adept x2  
  66  5:55  Nexus  
  66  5:56  Pylon  
  66  6:03  Gateway, Warp Prism  
  66  6:04  Gateway  
  66  6:06  Gateway  
  66  6:08  Gateway, Pylon  
  68  6:20  Pylon  
  68  6:22  Probe x2  
  70  6:27  Zealot  
  70  6:30  Immortal  
  72  6:34  Probe x2  
  78  6:45  Zealot x2  
  82  6:58  Probe x2  
  82  6:59  Immortal  
  84  7:08  Forge  
  84  7:10  Probe  
  89  7:32  Sentry x4, Pylon  
  97  7:38  Immortal  
  97  7:39  Templar Archives  
  97  7:44  Probe x3  
  102  7:47  Protoss Ground Weapons Level 1  
  102  7:49  Zealot x2  
  106  7:56  Probe x2  
  106  8:02  Probe  
  107  8:08  Probe x2  
  109  8:24  Psionic Storm  
  106  8:27  Zealot x3  
  106  8:28  Zealot x2  
  116  8:35  Probe  
  116  8:36  Pylon  
  116  8:37  Pylon  
  116  8:39  Pylon  
  117  8:54  Immortal  
  115  9:02  High Templar x4  
  107  9:03  High Templar  
  107  9:05  Zealot x2  
  107  9:08  Archon x2  
  103  9:20  Probe x2  
  103  9:21  Probe  
  104  9:24  Assimilator x2  
  104  9:30  Zealot x2  
  108  9:32  Probe  
  108  9:33  Probe x2  
  111  9:39  Immortal  
  111  9:44  Pylon, High Templar x3  
  121  9:50  Zealot x2  
  125  10:00  Photon Cannon  
  125  10:02  Photon Cannon  
  125  10:03  Photon Cannon  
  125  10:05  Probe, Photon Cannon  
  125  10:06  Probe x2, Photon Cannon  
  128  10:08  Photon Cannon  
  128  10:09  Photon Cannon  
  128  10:10  Zealot x4  
  128  10:11  Photon Cannon, Pylon  
  128  10:12  Pylon  
  128  10:13  Protoss Ground Weapons Level 2  
  136  10:14  Pylon  
  136  10:15  Observer  
  136  10:17  Probe  
  137  10:25  Warp Prism  
  109  10:43  Zealot x6  
  109  10:44  Zealot  
  123  10:50  Immortal  
  123  10:52  Nexus  
  117  11:07  Gateway  
  117  11:10  Gateway  
  117  11:11  Gateway  
  117  11:13  Gateway  
  117  11:19  Robotics Bay  
  117  11:23  Pylon  
  117  11:25  High Templar x3  
  117  11:26  High Templar x4  
  117  11:29  Archon  
  117  11:30  Archon  
  131  11:45  Observer  
  132  11:56  Immortal  
  132  12:02  Zealot x5  
  132  12:03  Zealot x2  
  134  12:32  Immortal  
  139  12:37  Probe x4  
  142  12:49  Probe  
  125  13:01  Zealot x6  
Show
View Real Time Build Order
Export as new Build Order

BigCat Zerg 

Build Orders: Hatch First, Lurkers 

Get SALT Encoding   

  12  0:01  Drone  
  13  0:13  Overlord  
  13  0:17  Drone  
  14  0:31  Drone x2  
  14  0:35  Drone  
  17  0:54  Hatchery  
  16  0:58  Drone  
  16  1:01  Extractor, Drone  
  17  1:16  Spawning Pool  
  16  1:20  Drone  
  16  1:24  Drone  
  18  1:29  Drone  
  19  1:39  Overlord  
  19  2:04  Queen  
  19  2:06  Queen  
  19  2:07  Zergling x4  
  19  2:08  Zergling x2  
  26  2:19  Metabolic Boost  
  26  2:41  Drone  
  26  2:44  Drone x2  
  29  2:47  Overlord  
  29  2:49  Queen  
  31  2:51  Queen  
  33  3:16  Spore Crawler  
  33  3:18  Spore Crawler  
  29  3:28  Drone x2  
  31  3:35  Roach Warren  
  30  3:45  Spore Crawler  
  30  3:47  Extractor, Drone x3  
  31  3:48  Drone  
  31  3:49  Drone  
  31  3:52  Queen  
  35  4:06  Overlord x2  
  35  4:10  Overlord  
  36  4:24  Drone  
  36  4:26  Drone x2  
  36  4:27  Drone x4  
  42  4:52  Drone x5  
  47  4:56  Drone  
  47  4:59  Hatchery  
  47  5:07  Lair  
  47  5:11  Drone x3  
  50  5:28  Roach x4  
  58  5:34  Overlord x2  
  58  5:35  Extractor  
  57  5:40  Drone x2  
  57  5:42  Overlord x2  
  59  5:54  Roach x3  
  59  5:55  Roach x2  
  69  5:59  Spine Crawler  
  68  6:05  Roach x3  
  74  6:13  Roach  
  74  6:14  Roach x2  
  74  6:15  Glial Reconstitution  
  80  6:23  Evolution Chamber  
  79  6:27  Hydralisk Den  
  78  6:33  Drone  
  78  6:34  Drone x6  
  85  6:47  Queen  
  87  6:56  Hydralisk x5  
  97  7:02  Extractor, Drone x2  
  97  7:07  Extractor, Overlord  
  97  7:09  Overseer  
  97  7:21  Overlord  
  97  7:22  Overlord  
  97  7:28  Overlord x2  
  97  7:35  Spore Crawler  
  96  7:37  Hydralisk  
  96  7:38  Hydralisk x4  
  98  8:01  Hydralisk x6, Muscular Augments  
  98  8:03  Baneling Nest  
  109  8:06  Drone x2  
  109  8:07  Drone  
  109  8:08  Drone  
  113  8:15  Zerg Missile Weapons Level 1  
  113  8:32  Hydralisk x6  
  125  8:49  Lurker Den  
  116  9:02  Hydralisk x2  
  107  9:03  Roach x3  
  117  9:13  Hydralisk x2  
  117  9:14  Roach  
  117  9:16  Roach  
  111  9:20  Hydralisk  
  113  9:35  Drone x6  
  113  9:36  Drone x7  
  126  9:41  Overlord  
  126  9:42  Overlord  
  126  9:44  Drone  
  127  9:47  Drone  
  128  10:16  Infestation Pit  
  128  10:17  Lurker x4  
  128  10:18  Lurker  
  128  10:19  Hatchery  
  102  10:59  Hydralisk x4  
  102  11:00  Hydralisk x2, Roach x5  
  102  11:01  Roach x2  
  116  11:14  Drone x3  
  116  11:15  Swarm Host  
  122  11:23  Extractor  
  121  11:37  Extractor  
  120  11:43  Hatchery  
  119  11:52  Hydralisk  
  119  11:53  Hydralisk x7  
  135  12:08  Hydralisk x2  
  133  12:09  Roach x2  
  131  12:23  Zergling x2  
  131  12:24  Zergling x8  
  99  12:55  Roach x2  
Tags
 
Add a new tag
Caveats
  • Supply blocks, unpowered buildings, or Contaminate may cause inaccurate times.
  • Supply counts are checked every 10 seconds.